 Dungeon Crawl Stone Soup version 0.29.1-2-gbd0b4ee654 (webtiles) character file.

Game seed: 17337192268562117738

5752 qeuew the Spear-Bearer (level 10, -2/73 (79) HPs)
             Began as a Merfolk Gladiator on Nov 14, 2022.
             Was an Initiate of Ashenzari.
             Slain by Nergalle
             ... wielding a +1 dagger of electrocution
              (9 damage)
             ... on level 11 of the Dungeon.
             The game lasted 00:14:02 (13976 turns).

qeuew the Spear-Bearer (Merfolk Gladiator)         Turns: 13976, Time: 00:14:03

HP:   -2/73 (79)    AC:  9    Str: 18    XL:     10   Next: 77%
MP:   10/10         EV: 19    Int:  8    God:    Ashenzari [......]
Gold: 601           SH:  0    Dex: 16    Spells: 9/9 levels left

rFire   + . .      SeeInvis .   b - +3 trident
rCold   . . .      Faith    .   (no shield)
rNeg    + . .      Spirit   .   i - +0 ring mail
rPois   .          Reflect  .   c - +0 helmet
rElec   .          Harm     .   (no cloak)
rCorr   .          Rampage  .   j - +0 pair of gloves
Will    .....                   k - +0 pair of boots of Ashenzari's Activism {Melee, Evo} (curse)
Stlth   +.........              (no amulet)
HPRegen 0.22/turn               f - ring "Best" {rF+ rN+}
MPRegen 0.12/turn               h - +4 ring of evasion

@: drained, invisible
A: (nimble swimmer 2), mertail
a: Renounce Religion, Curse Item, Shatter the Chains


You were on level 11 of the Dungeon.
You worshipped Ashenzari.
Ashenzari was noncommittal.
You visited 3 branches of the dungeon, and saw 13 of its levels.

You collected 601 gold pieces.

Inventory:

Hand Weapons
 b - a +3 trident (weapon)
Armour
 c - a +0 helmet (worn)
 i - a +0 ring mail (worn)
 j - a +0 pair of gloves (worn)
 k - the cursed +0 pair of boots of Ashenzari's Activism (worn) {Melee, Evo}
   (You found it on level 1 of the Dungeon)

   It has a curse which improves the following skills: Melee Combat: Short
   Blades, Long Blades, Axes, Maces & Flails, Polearms, Staves and Unarmed
   Combat.
   Evocations: Evocations.
Jewellery
 f - the ring "Best" (left hand) {rF+ rN+}
   (You acquired it on level 1 of the Dungeon)

   [ring of protection from fire]

   rF:        It protects you from fire.
   rN:        It protects you from negative energy.
 h - a +4 ring of evasion (right hand)
 n - a ring of willpower
Wands
 d - a wand of roots (5)
 q - a wand of flame (28) (quivered)
 u - a wand of charming (15)
Scrolls
 a - 2 scrolls of fear
 g - a scroll of blinking
 l - a scroll of amnesia
 r - 3 scrolls of teleportation
Potions
 m - a potion of invisibility
 o - a potion of curing
 p - a potion of mutation
 s - 2 potions of cancellation
 t - 2 potions of flight


   Skills:
 + Level 7.5 Fighting
 + Level 9.4(9.8) Polearms
 + Level 6.9 Throwing
 + Level 4.8 Armour
 + Level 9.4 Dodging
 + Level 6.0(6.4) Evocations


You had 9 spell levels left.
You didn't know any spells.
Your spell library contained the following spells:

 Spells                   Type           Power      Damage    Failure   Level
 Beastly Appendage        Tmut           0%         N/A       58%         1
 Wereblood                Tmut           0%         N/A       73%         2
 Call Canine Familiar     Summ           0%         N/A       91%         3
 Confusing Touch          Hex            0%         N/A       91%         3
 Gell's Gravitas          Tloc           0%         N/A       91%         3
 Portal Projectile        Hex/Tloc       0%         N/A       91%         3
 Spider Form              Tmut/Pois      0%         N/A       91%         3
 Teleport Other           Tloc           0%         N/A       91%         3
 Leda's Liquefaction      Hex/Erth       0%         N/A       100%        4
 Yara's Violent Unravell  Hex/Tmut       0%         3d3       100%        5
 Dispersal                Tloc           0%         N/A       100%        6
 Enfeeble                 Hex            0%         N/A       100%        7


Dungeon Overview and Level Annotations

Branches:
Dungeon (11/15)            Temple (1/1) D:4            Lair (1/5) D:10
    Orc (0/2) D:9

Altars:
Ashenzari
Cheibriados
Dithmenos
Elyvilon
Fedhas
Gozag
Hepliaklqana
Kikubaaqudgha
Makhleb
Nemelex Xobeh
Okawaru
Qazlal
Ru
Sif Muna
Trog
Uskayaw
Vehumet
Wu Jian
Xom
Yredelemnul
Zin
The Shining One

Shops:
D:4 =   D:6 *   D:7 ::

Annotations:
D:11 Nergalle


Innate Abilities, Weirdness & Mutations

((You are very nimble when in or above water. (Stealth+, EV+, Speed+++)))
Your lower body shifts to a powerful aquatic tail in water.


Message History

The grasping roots constrict Nergalle!
Nergalle escapes!
Aiming: Throw Flame
Press: ? - help, Q - select action, (/) - cycle Shift-Dir - straight line, p - Nergalle
Okay, then.
Aiming: Throw Flame
Press: ? - help, Q - select action, (/) - cycle Shift-Dir - straight line, f/p - Nergalle
Aim: Nergalle, wielding a +1 dagger of electrocution and wearing a +0 robe (almost dead, 71% to hit)
The puff of flame hits the spectral orc warrior but does no damage.
The spectral orc warrior is lightly damaged.
The spectral orc warrior misses you.
The spectral orc warrior hits you with a +0 long sword.
* * * LOW HITPOINT WARNING * * *
Aiming: Throw Flame
Press: ? - help, Q - select action, (/) - cycle Shift-Dir - straight line, f/p - Nergalle
Aim: Nergalle, wielding a +1 dagger of electrocution and wearing a +0 robe (almost dead, 71% to hit)
The puff of flame hits the spectral orc warrior!
The spectral orc warrior is heavily damaged.
The spectral orc warrior hits you with a +0 long sword.
* * * LOW HITPOINT WARNING * * *
Aiming: Throw Flame
Press: ? - help, Q - select action, (/) - cycle Shift-Dir - straight line, f/p - Nergalle
Aim: Nergalle, wielding a +1 dagger of electrocution and wearing a +0 robe (almost dead, 71% to hit)
The puff of flame misses Nergalle.
The puff of flame hits the spectral orc warrior!
The spectral orc warrior is almost destroyed.
The spectral orc warrior hits you with a +0 long sword.
* * * LOW HITPOINT WARNING * * *
Unknown command.
You barely miss Nergalle.
Nergalle is almost dead.
You barely miss Nergalle.
Nergalle is almost dead.
Nergalle gestures at you while chanting.
Orcish apparitions take form around you.
The spectral orc warrior hits you with a +0 long sword.
* * * LOW HITPOINT WARNING * * *
You partially resist.
You feel drained.
You fade into invisibility!
Nergalle hits you but does no damage.
You are electrocuted!
You die...

#..########
#(.######
#..........
#..........
#.######... #Z#
#..# #W# #..# #o#
#.<########
#@######..........
#ZZZ..............
#.........#####...
#.######..# #...
#.# #..# #... #.#
#..# #...
#.######..# #...
#.........#####...
#.................


You could see Nergalle, a spectral orc (summoned), 2 spectral orc warriors, a
spectral orc warlord (summoned) and a wraith.

Vanquished Creatures
  Erica (D:11)
  A komodo dragon (D:8)
  A troll (D:10)
  A hornet (D:10)
  2 wraiths
  Sigmund (D:3)
  A shadow (D:9)
  A steam dragon (D:9)
  2 water moccasins
  An acid dragon (D:11)
  3 black bears
  A sky beast (D:6)
  An orc warrior (D:9)
  An ice beast (D:7)
  2 ogres
  A wolf (Lair:1)
  4 centaurs
  A phantom (D:6)
  3 kobold brigands
  3 bullfrogs
  A necrophage (D:6)
  A scorpion (D:4)
  9 wights
  13 killer bees
  A howler monkey (D:8)
  2 hounds
  3 orc priests
  4 iguanas (D:5)
  5 orc wizards
  4 adders (D:2)
  14 gnolls
  A shadow imp (D:6)
  A white imp (D:7)
  3 worms
  3 dart slugs
  24 orcs
  6 ball pythons
  6 endoplasms
  2 giant cockroaches
  7 goblins
  9 hobgoblins
  8 jackals
  4 quokkas
  7 bats
  3 frilled lizards
  19 kobolds
  3 rats
195 creatures vanquished.

Vanquished Creatures (others)
  A fungus (Lair:1)
1 creature vanquished.

Grand Total: 196 creatures vanquished

Notes
Turn   | Place    | Note
-------+----------+-------------------------------------------
     0 | D:1      | qeuew the Merfolk Gladiator began the quest for the Orb.
     0 | D:1      | Reached XP level 1. HP: 16/16 MP: 1/1
   294 | D:1      | Reached XP level 2. HP: 22/23 MP: 2/2
   794 | D:1      | Reached XP level 3. HP: 25/28 MP: 3/3
  1341 | D:1      | Identified a scroll of acquirement
  1341 | D:1      | Acquired the ring "Best" {rF+ rN+}
  1681 | D:2      | Reached XP level 4. HP: 34/34 MP: 4/4
  1708 | D:2      | Reached skill level 1 in Armour
  1723 | D:2      | Found the +3 hat of Pondering {ponderous, Will+ MP+10
                  | Int+5}
  2131 | D:2      | Reached XP level 5. HP: 41/41 MP: 5/5
  2387 | D:3      | Noticed Sigmund
  2400 | D:3      | Killed Sigmund
  2401 | D:3      | Reached skill level 5 in Polearms
  2401 | D:3      | Reached skill level 5 in Dodging
  2401 | D:3      | Reached skill level 1 in Evocations
  2401 | D:3      | Reached XP level 6. HP: 25/47 MP: 6/6
  3470 | D:4      | Found a staircase to the Ecumenical Temple.
  3485 | Temple   | Entered the Ecumenical Temple
  3901 | Temple   | Became a worshipper of Ashenzari the Shackled
  4221 | D:4      | Reached XP level 7. HP: 29/53 MP: 7/7
  4800 | D:4      | Found Qecsuv Wak's Jewellery Shoppe.
  5511 | D:5      | Entered Level 5 of the Dungeon
  5652 | D:5      | Reached XP level 8. HP: 56/61 MP: 8/8
  5969 | D:5      | Identified the cursed +0 pair of boots of Ashenzari's
                  | Activism {Melee, Evo} (You found it on level 1 of the
                  | Dungeon)
  6457 | D:6      | Reached skill level 5 in Fighting
  7413 | D:6      | Found Omabi's Lightly-Used Armoury.
  7530 | D:7      | Found Jituskis's Self-Improvement Boutique.
  7620 | D:7      | Reached XP level 9. HP: 58/68 MP: 9/9
  7627 | D:7      | Reached skill level 5 in Throwing
  8005 | D:7      | Found a sparkling altar of Nemelex Xobeh.
  8209 | D:7      | Found Buusy's Book Shoppe.
  9132 | D:8      | Found an opulent altar of Gozag.
  9207 | D:8      | Found a glowing golden altar of the Shining One.
  9496 | D:8      | Noticed a komodo dragon
  9535 | D:8      | Killed a komodo dragon
 10511 | D:9      | Reached skill level 5 in Evocations
 10703 | D:9      | Reached XP level 10. HP: 77/77 MP: 10/10
 11527 | D:9      | Found a staircase to the Orcish Mines.
 11732 | D:10     | Entered Level 10 of the Dungeon
 12655 | D:10     | Paralysed by a hornet for 1 turns
 12658 | D:10     | Paralysed by a hornet for 1 turns
 13014 | D:10     | Found a staircase to the Lair.
 13253 | Lair:1   | Entered Level 1 of the Lair of Beasts
 13288 | Lair:1   | Noticed a five-headed hydra
 13288 | Lair:1   | Noticed a four-headed hydra
 13646 | D:11     | Noticed Erica
 13664 | D:11     | Killed Erica
 13940 | D:11     | Noticed Nergalle
 13976 | D:11     | Noticed a spectral orc warlord
 13976 | D:11     | Slain by Nergalle

Illustrated notes

Levels and vault maps discovered:
D:1:      mrwooster_arrival_statue_2, layout_basic
D:2:      layout_basic
D:3:      layout_loops_ring, solitary_fountain, uniq_sigmund
D:4:      layout_basic, minmay_temple_entry_nine_rooms,
          minmay_shop_enchanted_jewellery, minmay_quadrilaterals
D:5:      layout_basic, minmay_misc_feat_iff, dreamdust_princess_bridge,
          kennysheep_generic_room_4
D:6:      layout_cave_pools, minmay_shop_damaged
D:7:      layout_basic, nemelex_xobeh_ov_fountains_minmay, serial_shops,
          kennysheep_mini_moat, nicolae_shop_self_help
D:8:      layout_loops_corners, mainiacjoe_overflow_swirl
D:9:      layout_roguey, orc_0_dummy, hangedman_decor_peaks_small, minivault_22
D:10:     layout_gridville, lair_entry_dummy
D:11:     layout_long_grid, uniq_erica, uniq_nergalle
Temple:   compressed_dpeg_triangle_lava_temple
Lair:1:   layout_regular_city

Skill      XL: |  1  2  3  4  5  6  7  8  9 10 |
---------------+-------------------------------+-----
Armour         | 1 2 3 4 |  4.8
Fighting       | 3 4 5 6 7 |  7.5
Polearms       | 5 6 7 8 9 |  9.4
Throwing       | 3 4 6 |  6.9
Dodging        | 5 6 7 8 9 |  9.4
Evocations     | 1 2 3 5 6 |  6.0

Action                   |  1- 3 |  4- 6 |  7- 9 | 10-12 || total
-------------------------+-------+-------+-------+-------++-------
Melee: Trident           |   119 |   145 |   514 |   248 ||  1026
       Punch             |       |     2 |     9 |     4 ||    15
Throw: Javelin           |       |       |     2 |     6 ||     8
       Throwing net      |       |       |     2 |     2 ||     4
Invok: Curse Item        |       |       |     1 |       ||     1
Evoke: Wand              |       |       |       |     6 ||     6
  Use: Scroll            |     6 |     6 |     7 |     5 ||    24
       Potion            |     1 |       |     8 |     4 ||    13
 Stab: Sleeping          |     1 |       |       |       ||     1
       Distracted        |       |       |     1 |       ||     1
       Invisible         |       |       |     3 |       ||     3
       Held in net/web   |       |       |       |     1 ||     1
Armor: Leather armour    |    29 |    15 |       |       ||    44
       Ring mail         |       |     3 |   128 |    48 ||   179
Dodge: Dodged            |    69 |    64 |   446 |   230 ||   809
